MLB
WASHINGTON NATIONALS @ MIAMI MARLINS
08/31/2044
 
TOP OF THE 1ST
Washington Nationals batting - Pitching for Miami Marlins : RHP Mike Powell
Pitching: RHP Mike Powell
Batting: SHB Andrew Wray II 0-0: Foul Ball, location: 2F
0-1: Foul Ball, location: 2F
0-2: Ball
1-2: SINGLE (Groundball, 56S, EV 75.0 MPH) (infield hit)
Batting: SHB Junzo Kato 0-0: Ball
1-0: Called Strike
1-1: Foul Ball, location: 2F
1-2: Hit by Pitch
Andrew Wray II to second
Batting: LHB Seth Cook 0-0: Called Strike
0-1: Ball
1-1: Ball
2-1: Foul Ball, location: 2F
2-2: Foul Ball, location: 2F
2-2: Foul Ball, location: 2F
2-2: Ball
3-2: Strikes out swinging
Batting: LHB Armando Carbajal 0-0: Ball
1-0: Called Strike
1-1: Ball
2-1: SINGLE (Groundball, 6MD, EV 106.3 MPH)
Andrew Wray II to third
Junzo Kato to second
Runner from 3rd tries for Home, throw by CF and OUT! 8-2
Batting: RHB John Sanders 0-0: Ball
1-0: Foul Ball, location: 2F
1-1: Ground out 2-3 (Groundball, 2L, EV 74.4 MPH)
Top of the 1st over - 0 runs, 2 hits, 0 errors, 2 left on base; Washington 0 - Miami 0
BOTTOM OF THE 1ST
Miami Marlins batting - Pitching for Washington Nationals : LHP Tim Wybenga
Pitching: LHP Tim Wybenga
Batting: RHB Jeff Garofalo 0-0: Ball
1-0: Called Strike
1-1: Ball
2-1: Foul Ball, location: 2F
2-2: Ball
3-2: Foul Ball, location: 2F
3-2: Foul Ball, location: 2F
3-2: Foul Ball, location: 2F
3-2: Foul Ball, location: 2F
3-2: Base on Balls
Batting: RHB Justin Huff 0-0: Ball
Jeff Garofalo is caught stealing 2nd base 2-4
1-0: Ball
2-0: Foul Ball, location: 2F
2-1: Swinging Strike
2-2: Fly out, F7 (Flyball, 7S, EV 80.6 MPH)
Batting: LHB Andre Gorter 0-0: Swinging Strike
0-1: Called Strike
0-2: Ball
1-2: Strikes out swinging
Bottom of the 1st over - 0 runs, 0 hits, 0 errors, 0 left on base; Washington 0 - Miami 0
TOP OF THE 2ND
Washington Nationals batting - Pitching for Miami Marlins : RHP Mike Powell
Batting: RHB Luis Torres 0-0: Ball
1-0: Called Strike
1-1: Foul Ball, location: 2F
1-2: Foul Ball, location: 2F
1-2: Fly out, F7 (Flyball, 78S, EV 91.9 MPH)
Batting: RHB Dan Fallon 0-0: Fly out, F8 (Flyball, 78D, EV 93.8 MPH)
Batting: RHB Luis Ramos 0-0: Foul Ball, location: 2F
0-1: Fly out, F8 (Line Drive, 8RD, EV 95.0 MPH)
Top of the 2nd over - 0 runs, 0 hits, 0 errors, 0 left on base; Washington 0 - Miami 0
BOTTOM OF THE 2ND
Miami Marlins batting - Pitching for Washington Nationals : LHP Tim Wybenga
Batting: RHB Jimmy Groseclose 0-0: Ball
1-0: Ball
2-0: Foul Ball, location: 2F
2-1: Fly out, F8 (Flyball, 8RD, EV 99.4 MPH)
Batting: RHB Mark Barger 0-0: SINGLE (Groundball, 56D, EV 107.5 MPH)
Batting: RHB Roger Salazar 0-0: Called Strike
0-1: SINGLE (Groundball, 6D, EV 93.8 MPH)
Mark Barger to second
Batting: RHB Greg Herzig 0-0: Ball
1-0: Ball
2-0: Swinging Strike
2-1: Foul Ball, location: 2F
2-2: Foul Ball, location: 2F
2-2: Ball
3-2: Foul Ball, location: 2F
3-2: Strikes out swinging
Batting: RHB Steve Barnard 0-0: Ball
1-0: Called Strike
1-1: Swinging Strike
1-2: Ball
2-2: Foul Ball, location: 2F
2-2: Strikes out swinging
Bottom of the 2nd over - 0 runs, 2 hits, 0 errors, 2 left on base; Washington 0 - Miami 0
TOP OF THE 3RD
Washington Nationals batting - Pitching for Miami Marlins : RHP Mike Powell
Batting: RHB Jared Speck 0-0: Fly out, F8 (Line Drive, 8RM, EV 112.5 MPH)
Batting: SHB Andrew Wray II 0-0: Ball
1-0: Ball
2-0: Ball
3-0: Base on Balls
Batting: SHB Junzo Kato 0-0: Fielders Choice at 2nd, 3-6 (Groundball, 3, EV 77.5 MPH)
Batting: LHB Seth Cook 0-0: Called Strike
0-1: Swinging Strike
0-2: Ball
1-2: Ball
2-2: Foul Ball, location: 2F
2-2: Foul Ball, location: 2F
2-2: 2-RUN HOME RUN (Flyball, 9D, EV 98.1 MPH), Distance : 403 ft
Batting: LHB Armando Carbajal 0-0: Ball
1-0: Called Strike
1-1: Ball
2-1: SINGLE (Groundball, 56D, EV 95.0 MPH)
Batting: RHB John Sanders 0-0: Foul Ball, location: 2F
0-1: Ground out 4-3 (Groundball, 4S, EV 88.1 MPH)
Top of the 3rd over - 2 runs, 2 hits, 0 errors, 1 left on base; Washington 2 - Miami 0
BOTTOM OF THE 3RD
Miami Marlins batting - Pitching for Washington Nationals : LHP Tim Wybenga
Batting: LHB Mike Kara 0-0: Called Strike
0-1: Ball
1-1: Foul Ball, location: 2F
1-2: Foul Ball, location: 2F
1-2: Strikes out looking
Batting: RHB Jeff Garofalo 0-0: Called Strike
0-1: Called Strike
0-2: Ball
1-2: Ball
2-2: Fly out, F4 (Popup, 4S, EV 71.9 MPH)
Batting: RHB Justin Huff 0-0: Called Strike
0-1: Foul Ball, location: 2F
0-2: Ball
1-2: SINGLE (Groundball, 56S, EV 75.6 MPH) (infield hit)
Batting: LHB Andre Gorter 0-0: Called Strike
0-1: Ground out U3 (Groundball, 34, EV 81.3 MPH)
Bottom of the 3rd over - 0 runs, 1 hit, 0 errors, 1 left on base; Washington 2 - Miami 0
TOP OF THE 4TH
Washington Nationals batting - Pitching for Miami Marlins : RHP Mike Powell
Batting: RHB Luis Torres 0-0: Ball
1-0: Ball
2-0: Ball
3-0: Base on Balls
Batting: RHB Dan Fallon 0-0: Called Strike
0-1: Called Strike
0-2: Ball
1-2: Foul Ball, location: 2F
1-2: Foul Ball, location: 2F
1-2: Strikes out swinging
Batting: RHB Luis Ramos 0-0: Ball
1-0: Ball
2-0: Called Strike
2-1: Foul Ball, location: 2F
2-2: Ball
3-2: Foul Ball, location: 2F
3-2: Ground out 6-3 (Groundball, 56, EV 103.8 MPH)
Luis Torres to second
Batting: RHB Jared Speck 0-0: Ball
1-0: DOUBLE (Line Drive, 7LM, EV 99.4 MPH)
Luis Torres scores
Batting: SHB Andrew Wray II 0-0: Called Strike
0-1: Ground out 6-3 (Groundball, 6, EV 89.4 MPH)
Top of the 4th over - 1 run, 1 hit, 0 errors, 1 left on base; Washington 3 - Miami 0
BOTTOM OF THE 4TH
Miami Marlins batting - Pitching for Washington Nationals : LHP Tim Wybenga
Batting: RHB Jimmy Groseclose 0-0: Fly out, F9 (Line Drive, 9, EV 97.5 MPH)
Batting: RHB Mark Barger 0-0: Ball
1-0: Ball
2-0: Called Strike
2-1: Foul Ball, location: 2F
2-2: Fly out, F8 (Flyball, 8LM, EV 88.1 MPH)
Batting: RHB Roger Salazar 0-0: Ball
1-0: Called Strike
1-1: Called Strike
1-2: Ground out 5-3 (Groundball, 56, EV 101.3 MPH)
Bottom of the 4th over - 0 runs, 0 hits, 0 errors, 0 left on base; Washington 3 - Miami 0
TOP OF THE 5TH
Washington Nationals batting - Pitching for Miami Marlins : RHP Mike Powell
Batting: SHB Junzo Kato 0-0: Called Strike
0-1: Called Strike
0-2: Strikes out swinging
Batting: LHB Seth Cook 0-0: Ground out 6-3 (Groundball, 6, EV 81.3 MPH)
Batting: LHB Armando Carbajal 0-0: SOLO HOME RUN (Flyball, 9LD, EV 98.1 MPH), Distance : 361 ft
Batting: RHB John Sanders 0-0: Ball
1-0: Ball
2-0: Swinging Strike
2-1: Called Strike
2-2: Ball
3-2: Base on Balls
Batting: RHB Luis Torres 0-0: Swinging Strike
0-1: Ball
1-1: Ball
2-1: Called Strike
John Sanders steals 2nd base (no throw)
2-2: Foul Ball, location: 2F
2-2: Ground out 3-1 (Groundball, 34, EV 98.1 MPH)
Top of the 5th over - 1 run, 1 hit, 0 errors, 1 left on base; Washington 4 - Miami 0
BOTTOM OF THE 5TH
Miami Marlins batting - Pitching for Washington Nationals : LHP Tim Wybenga
Batting: RHB Greg Herzig 0-0: Ball
1-0: Foul Ball, location: 2F
1-1: Ball
2-1: Called Strike
2-2: Ball
3-2: DOUBLE (Line Drive, 7LM, EV 113.1 MPH)
Batting: RHB Steve Barnard 0-0: Ball
1-0: Foul Ball, location: 2F
1-1: Foul Ball, location: 2F
1-2: Ball
2-2: Foul Ball, location: 2F
2-2: Strikes out swinging
Batting: LHB Mike Kara 0-0: Called Strike
0-1: Ground out 4-3 (Groundball, 4, EV 106.9 MPH)
Greg Herzig to third
Batting: RHB Jeff Garofalo 0-0: Called Strike
0-1: Ball
1-1: Foul Ball, location: 2F
1-2: Ball
2-2: Foul Ball, location: 2F
2-2: Ball
3-2: Strikes out looking
Bottom of the 5th over - 0 runs, 1 hit, 0 errors, 1 left on base; Washington 4 - Miami 0
TOP OF THE 6TH
Washington Nationals batting - Pitching for Miami Marlins : RHP Mike Powell
Batting: RHB Dan Fallon 0-0: Ball
1-0: Called Strike
1-1: Foul Ball, location: 2F
1-2: Ball
2-2: Foul Ball, location: 2F
2-2: SINGLE (Groundball, 6MD, EV 96.3 MPH)
Batting: RHB Luis Ramos 0-0: Ball
1-0: Swinging Strike
1-1: Ball
2-1: Ball
3-1: Called Strike
3-2: Strikes out swinging
Pitching: LHP Dan Tapley
Batting: RHB Jared Speck 0-0: Ball
1-0: Foul Ball, location: 2F
1-1: Grounds into double play, 6-4-3 (Groundball, 6, EV 78.1 MPH)
Top of the 6th over - 0 runs, 1 hit, 0 errors, 0 left on base; Washington 4 - Miami 0
BOTTOM OF THE 6TH
Miami Marlins batting - Pitching for Washington Nationals : LHP Tim Wybenga
Batting: RHB Justin Huff 0-0: Ball
1-0: Ball
2-0: Ball
3-0: Called Strike
3-1: DOUBLE (Flyball, 89XD, EV 110.6 MPH)
Batting: LHB Andre Gorter 0-0: Swinging Strike
0-1: Swinging Strike
0-2: Ball
1-2: SINGLE (Line Drive, 7S, EV 93.1 MPH)
Justin Huff to third
Runner from 3rd tries for Home, SAFE, throw by LF to home
Batting: RHB Jimmy Groseclose 0-0: TRIPLE (Flyball, 89XD, EV 101.3 MPH)
Andre Gorter scores
Batting: RHB Mark Barger 0-0: Called Strike
0-1: Ball
1-1: Foul Ball, location: 2F
1-2: Strikes out swinging
Batting: RHB Roger Salazar 0-0: Ball
1-0: Called Strike
1-1: Ball
2-1: Ball
3-1: Called Strike
3-2: Strikes out swinging
Pitching: RHP Brian Ramirez
Batting: RHB Greg Herzig 0-0: Ball
1-0: Called Strike
1-1: Foul Ball, location: 2F
1-2: Strikes out swinging
Bottom of the 6th over - 2 runs, 3 hits, 0 errors, 1 left on base; Washington 4 - Miami 2
TOP OF THE 7TH
Washington Nationals batting - Pitching for Miami Marlins : LHP Dan Tapley
Batting: SHB Andrew Wray II 0-0: Ball
1-0: Foul Ball, location: 2F
1-1: Ball
2-1: Foul Ball, location: 2F
2-2: Ground out 4-3 (Groundball, 4, EV 81.3 MPH)
Batting: SHB Junzo Kato 0-0: Called Strike
0-1: Ball
1-1: Foul Ball, location: 2F
1-2: Reached on error, E3 (Groundball, 34S, EV 90.0 MPH)
Batting: LHB Seth Cook 0-0: Ball
1-0: Fly out, F6 (Popup, 6S, EV 66.3 MPH)
Batting: LHB Armando Carbajal 0-0: Called Strike
0-1: Called Strike
0-2: Ball
1-2: Ball
2-2: Ball
3-2: SINGLE (Groundball, 4MD, EV 106.9 MPH)
Junzo Kato to second
Junzo Kato to third
Batting: RHB John Sanders 0-0: Swinging Strike
0-1: Fielders Choice at 2nd, 5-4 (Groundball, 56, EV 101.9 MPH)
Top of the 7th over - 0 runs, 1 hit, 1 error, 2 left on base; Washington 4 - Miami 2
BOTTOM OF THE 7TH
Miami Marlins batting - Pitching for Washington Nationals : RHP Brian Ramirez
Batting: RHB Steve Barnard 0-0: Ball
1-0: Ball
2-0: Ball
3-0: Fly out, F7 (Flyball, 78S, EV 87.5 MPH)
Batting: LHB Mike Kara 0-0: Called Strike
0-1: Ball
1-1: Ball
2-1: Ball
3-1: Fly out, F8 (Flyball, 78D, EV 96.9 MPH)
Batting: RHB Jeff Garofalo 0-0: Foul Ball, location: 2F
0-1: Ball
1-1: Called Strike
1-2: Foul Ball, location: 2F
1-2: Foul Ball, location: 2F
1-2: Ball
2-2: Ball
3-2: Base on Balls
Batting: RHB Justin Huff 0-0: Ball
1-0: SINGLE (Line Drive, 8RS, EV 91.9 MPH)
Jeff Garofalo to second
Runner from 2nd tries for 3rd, SAFE, no throw by CF
Batting: LHB Andre Gorter 0-0: Ball
1-0: Foul Ball, location: 2F
1-1: Fly out, F8 (Flyball, 8RS, EV 85.0 MPH)
Bottom of the 7th over - 0 runs, 1 hit, 0 errors, 2 left on base; Washington 4 - Miami 2
TOP OF THE 8TH
Washington Nationals batting - Pitching for Miami Marlins : LHP Dan Tapley
Pitching: RHP Julio Espinel
Batting: RHB Luis Torres 0-0: Foul Ball, location: 2F
0-1: Called Strike
0-2: Ball
1-2: Foul Ball, location: 2F
1-2: Ground out U3 (Groundball, 3S, EV 62.5 MPH)
Batting: RHB Dan Fallon 0-0: Called Strike
0-1: Called Strike
0-2: Strikes out swinging
Batting: RHB Luis Ramos 0-0: Foul Ball, location: 2F
0-1: Fly out, F9 (Flyball, 9, EV 73.8 MPH)
Top of the 8th over - 0 runs, 0 hits, 0 errors, 0 left on base; Washington 4 - Miami 2
BOTTOM OF THE 8TH
Miami Marlins batting - Pitching for Washington Nationals : RHP Brian Ramirez
Pitching: RHP Manuel Romero
Now at 1B: Junzo Kato
Now at 3B: Masashi Yukizawa
Batting: RHB Jimmy Groseclose 0-0: Called Strike
0-1: Called Strike
0-2: Ball
1-2: Strikes out swinging
Batting: RHB Mark Barger 0-0: Ball
1-0: Swinging Strike
1-1: Reached on error, E6 (Groundball, 6, EV 86.3 MPH)
Batting: RHB Roger Salazar 0-0: Swinging Strike
0-1: Ball
1-1: Ball
2-1: Swinging Strike
2-2: Foul Ball, location: 2F
2-2: Foul Ball, location: 2F
2-2: Foul Ball, location: 2F
2-2: Strikes out swinging
Batting: RHB Greg Herzig 0-0: Foul Ball, location: 2F
0-1: Ball
1-1: Foul Ball, location: 2F
1-2: Ball
2-2: Strikes out looking
Bottom of the 8th over - 0 runs, 0 hits, 1 error, 1 left on base; Washington 4 - Miami 2
TOP OF THE 9TH
Washington Nationals batting - Pitching for Miami Marlins : RHP Julio Espinel
Pitching: RHP Jonah Syndergaard
Batting: RHB Jared Speck 0-0: SINGLE (Flyball, 5D, EV 96.3 MPH)
Batting: SHB Andrew Wray II 0-0: Sac Bunt to P - play at first, batter OUT! 1-3
Jared Speck to second
Batting: SHB Junzo Kato 0-0: Ball
1-0: Called Strike
1-1: Ground out 4-3 (Groundball, 4, EV 86.3 MPH)
Jared Speck to third
Batting: LHB Seth Cook 0-0: Called Strike
0-1: Ball
1-1: Called Strike
1-2: Fly out, F7 (Flyball, 7D, EV 103.8 MPH)
Top of the 9th over - 0 runs, 1 hit, 0 errors, 1 left on base; Washington 4 - Miami 2
BOTTOM OF THE 9TH
Miami Marlins batting - Pitching for Washington Nationals : RHP Manuel Romero
Batting: RHB Steve Barnard 0-0: Called Strike
0-1: Foul Ball, location: 2F
0-2: Ball
1-2: Strikes out looking
Batting: LHB Mike Kara 0-0: Foul Ball, location: 2F
0-1: Fly out, F7 (Flyball, 78XD, EV 95.0 MPH)
Batting: RHB Jeff Garofalo 0-0: SINGLE (Groundball, 6MS, EV 71.3 MPH) (infield hit)
Batting: RHB Justin Huff 0-0: Ball
1-0: SINGLE (Groundball, 6MS, EV 70.0 MPH) (infield hit)
Jeff Garofalo to second
Batting: LHB Andre Gorter 0-0: Ball
Wild Pitch!
Jeff Garofalo to third
Justin Huff to second
1-0: Ball
2-0: Ball
3-0: Base on Balls
Batting: RHB Jimmy Groseclose 0-0: Foul Ball, location: 2F
0-1: Called Strike
0-2: Strikes out swinging
Bottom of the 9th over - 0 runs, 2 hits, 0 errors, 3 left on base; Washington 4 - Miami 2
Thursday, March 31st , 2022 - OOTP Baseball 22.12 Build 89